 Dungeon Crawl Stone Soup version 0.31-a0-187-gba352fbbf7 (webtiles) character file.

Game seed: 5007022845335481594

2425724 ragingrage the Impregnable (level 27, 268/268 HPs)
             Began as a Naga Monk on June 22, 2023.
             Was an Initiate of Gozag.
             Escaped with the Orb
             ... and 4 runes!
             The game lasted 01:44:31 (65061 turns).

ragingrage the Impregnable (Naga Monk)             Turns: 65061, Time: 01:44:32

Health: 268/268    AC: 68    Str: 31    XL:     27
Magic:  13/26      EV:  7    Int: 13    God:    Gozag
Gold:   11351      SH: 16    Dex: 17    Spells: 28/30 levels left

rFire   + + +        a - +9 broad axe (heavy)
rCold   + . .        s - +3 warlock's mirror {omnireflect}
rNeg    + + +        X - +12 gold dragon scales
rPois   +            D - +1 helmet {Int+3}
rElec   +            U - +1 cloak of the Desolation of Salt {Drain rElec rC- Regen+}
rCorr   .            e - +3 Mad Mage's Maulers {Infuse+∞ VampMP -Cast}
SInv    +            O - +3 barding {rF+}
Will    +++..        H - amulet of Wonder {Reflect rF+ rN+++ SH+5 Stlth-} Stlth
                     m - ring of the Tortoise {AC+8}
HPRegen 1.44/turn    Z - ring "Uranow" {*Corrode rC+ rN+ Str+6 Dex+2}
MPRegen 0.20/turn

%: no spellcasting, corrode self (3%), reflection, infuse magic (13 MP)
@: studying Short Blades, bribing [the Dungeon, the Realm of Zot, the Depths],
very slow
A: AC +9, large, see invisible, deformed body, poison resistance, slowness 2,
spit poison 1, naga tail 2, clumsy 1
0: Orb of Zot
}: 4/15 runes: serpentine, barnacled, silver, abyssal
a: Spit Poison, Renounce Religion, Potion Petition, Call Merchant, Bribe Branch


You escaped.
You worshipped Gozag.
Gozag was extremely pleased with you.
You visited 9 branches of the dungeon, and saw 47 of its levels.
You visited the Abyss 6 times.
You also visited: Trove, Sewer, Bailey, Ice Cave and Desolation.

You collected 33323 gold pieces.
You spent 6958 gold pieces at shops.
You paid 15014 gold pieces to Gozag.

Inventory:

Hand Weapons
 a - a +9 heavy broad axe (weapon)
 b - the +5 demon whip "Spellbinder" {antimagic, disrupt, Will+}
   (You found it on level 3 of the Elven Halls)

   Will:      It increases your willpower.
Missiles
 k - 5 silver javelins
 o - 2 throwing nets
 B - 45 boomerangs (quivered)
 L - 16 curare-tipped darts
 M - 19 datura-tipped darts
 S - 16 javelins
Armour
 e - the +3 Mad Mage's Maulers (worn) {Infuse+∞ VampMP -Cast}
   (You found it on level 5 of the Vaults)

   Infuse+∞: It empowers its wearer's blows with all of their magic.
   VampMP:    Blows struck in melee replenish the wearer's magic.
   -Cast:     It prevents spellcasting.
 s - the +3 warlock's mirror (worn) {omnireflect}
   (You found it in a treasure trove)

   Omnireflect: It can block and reflect piercing ranged attacks and magical
   attacks against the wielder's willpower.
 D - a +1 helmet of intelligence (worn)
 O - a +3 barding of fire resistance (worn)
 U - the +1 cloak of the Desolation of Salt (worn) {Drain rElec rC- Regen+}
   (You found it on level 10 of the Dungeon)

   rC:        It makes you vulnerable to cold.
   rElec:     It insulates you from electricity.
   Regen:     It increases your rate of health regeneration.
   Drain:     It drains your maximum health when unequipped.
 X - +12 gold dragon scales (worn)
Jewellery
 m - the ring of the Tortoise (left hand) {AC+8}
   (You found it in a treasure trove)

   [ring of protection]

   AC:        It affects your AC (+8).
 v - the ring "Moula" {rC- AC+4 Dex+9}
   (You took it off an orc knight in a bailey)

   [ring of protection]

   AC:        It affects your AC (+4).
   Dex:       It affects your dexterity (+9).
   rC:        It makes you vulnerable to cold.
 y - the ring "Damnable Contraption" {Wiz rPois rCorr Slay+3}
   (You found it in the Desolation of Salt)

   [ring of wizardry]

   It improves your spell success rate.
   Slay:      It affects your accuracy & damage with ranged weapons and melee
   (+3).
   rPois:     It protects you from poison.
   rCorr:     It protects you from acid and corrosion.
 H - the amulet of Wonder (around neck) {Reflect rF+ rN+++ SH+5 Stlth-}
   (You took it off an ironbound preserver on level 5 of the Vaults)

   [amulet of reflection]

   It reflects blocked missile attacks.
   rF:        It protects you from fire.
   rN:        It renders you almost immune to negative energy.
   SH:        It affects your SH (+5).
   Stlth:     It makes you less stealthy.
 Z - the ring "Uranow" (right hand) {*Corrode rC+ rN+ Str+6 Dex+2}
   (You took it off a yaktaur captain on level 5 of the Vaults)

   [ring of strength]

   Str:       It affects your strength (+6).
   Dex:       It affects your dexterity (+2).
   rC:        It protects you from cold.
   rN:        It protects you from negative energy.
   *Corrode:  It may corrode you when you take damage.
Wands
 j - a wand of iceblast (39)
 C - a wand of digging (33)
 I - a wand of acid (42)
 K - a wand of charming (49)
Scrolls
 d - 19 scrolls of fog
 n - 41 scrolls of teleportation
 q - 8 scrolls of fear
 r - 7 scrolls of immolation
 x - 6 scrolls of poison
 z - 7 scrolls of blinking
 A - 5 scrolls of revelation
 E - 5 scrolls of silence
 P - 2 scrolls of butterflies
 Q - 8 scrolls of vulnerability
Potions
 c - 3 potions of ambrosia
 f - 10 potions of attraction
 g - 16 potions of curing
 p - 10 potions of mutation
 u - 13 potions of enlightenment
 w - 7 potions of heal wounds
 F - 9 potions of haste
 J - 6 potions of cancellation
 N - 2 potions of resistance
 T - 4 potions of magic
 V - 10 potions of might
 W - 5 potions of invisibility
 Y - 4 potions of berserk rage
Miscellaneous
 h - a box of beasts
 i - a phial of floods
 l - a tin of tremorstones (2/2)
 G - a lightning rod (4/4)
 R - a phantom mirror


   Skills:
 - Level 20.0 Fighting
 - Level 18.0 Axes
 - Level 2.2(12.0) Maces & Flails
 - Level 18.0 Throwing
 + Level 21.0 Armour
 - Level 10.0 Dodging
 - Level 13.0 Stealth
 - Level 14.0 Shields
 - Level 2.0 Spellcasting
 - Level 10.0 Transmutations
 - Level 20.0 Evocations


You had 28 spell levels left.
You knew the following spells:

 Your Spells              Type           Power      Damage    Failure   Level
a - Wereblood             Tmut           27%        N/A       6%          2

Your spell library contained the following spells:

 Spells                   Type           Power      Damage    Failure   Level
 Beastly Appendage        Tmut           54%        N/A       3%          1
 Sting                    Tmut/Pois      56%        1d5       30%         1
 Passwall                 Tmut/Erth      11%        N/A       41%         2
 Spider Form              Tmut/Pois      14%        N/A       65%         3
 Ignite Poison            Fire/Tmut/Pois 9%         N/A       88%         3
 Apportation              Tloc           2%         N/A       93%         1
 Foxfire                  Conj/Fire      4%         2x1d4     93%         1
 Magic Dart               Conj           4%         1d3       93%         1
 Necrotise                Necr           4%         1d4       93%         1
 Summon Small Mammal      Summ           4%         N/A       93%         1
 Ice Form                 Ice/Tmut       14%        N/A       96%         4
 Blink                    Tloc           2%         N/A       98%         2
 Call Imp                 Summ           2%         N/A       98%         2
 Cigotuvi's Dreadful Rot  Necr/Pois/Air  2%         N/A       98%         2
 Ensorcelled Hibernation  Hex/Ice        2%         N/A       98%         2
 Lesser Beckoning         Tloc           2%         N/A       98%         2
 Poisonous Vapours        Pois/Air       2%         N/A       98%         2
 Scorch                   Fire           2%         2d5       98%         2
 Sublimation of Blood     Necr           1%         N/A       98%         2
 Call Canine Familiar     Summ           1%         N/A       100%        3
 Dazzling Flash           Conj/Hex       2%         N/A       100%        3
 Frozen Ramparts          Ice            2%         1d1       100%        3
 Gell's Gravitas          Tloc           1%         N/A       100%        3
 Hailstorm                Conj/Ice       1%         3d3       100%        3
 Inner Flame              Hex/Fire       1%         N/A       100%        3
 Mephitic Cloud           Conj/Pois/Air  1%         N/A       100%        3
 Ozocubu's Armour         Ice            1%         N/A       100%        3
 Portal Projectile        Hex/Tloc       2%         N/A       100%        3
 Summon Guardian Golem    Hex/Summ       1%         N/A       100%        3
 Teleport Other           Tloc           1%         N/A       100%        3
 Tukima's Dance           Hex            1%         N/A       100%        3
 Vhi's Electric Charge    Tloc/Air       2%         N/A       100%        3
 Volatile Blastmotes      Fire/Tloc      2%         2d10      100%        3
 Anguish                  Hex/Necr       0%         N/A       100%        4
 Animate Armour           Summ/Erth      2%         N/A       100%        4
 Flame Wave               Conj/Fire      1%         2d4       100%        4
 Leda's Liquefaction      Hex/Erth       0%         N/A       100%        4
 Manifold Assault         Tloc           1%         N/A       100%        4
 Olgreb's Toxic Radiance  Pois           1%         N/A       100%        4
 Passage of Golubria      Tloc           1%         N/A       100%        4
 Summon Ice Beast         Ice/Summ       1%         N/A       100%        4
 Arcjolt                  Conj/Air       0%         1d10      100%        5
 Borgnjor's Vile Clutch   Necr/Erth      0%         N/A       100%        5
 Fireball                 Conj/Fire      0%         3d3       100%        5
 Freezing Cloud           Conj/Ice/Air   0%         6-21      100%        5
 Irradiate                Conj/Tmut      7%         3d14      100%        5
 Lee's Rapid Deconstruct  Erth           0%         3d4*      100%        5
 Silence                  Hex/Air        0%         N/A       100%        5
 Summon Forest            Summ/Tloc      0%         N/A       100%        5
 Summon Mana Viper        Hex/Summ       1%         N/A       100%        5
 Yara's Violent Unravell  Hex/Tmut       7%         3d5       100%        5
 Death Channel            Necr           0%         N/A       100%        6
 Dispersal                Tloc           0%         N/A       100%        6
 Eringya's Noxious Bog    Tmut/Pois      7%         N/A       100%        6
 Leda's Unmaking          Conj/Erth      0%         9d1       100%        6
 Plasma Beam              Fire/Air       0%         2x1d10    100%        6
 Starburst                Conj/Fire      0%         6d3       100%        6
 Statue Form              Tmut/Erth      9%         N/A       100%        6
 Summon Cactus Giant      Summ           0%         N/A       100%        6
 Enfeeble                 Hex            0%         N/A       100%        7
 Haunt                    Necr/Summ      0%         N/A       100%        7
 Malign Gateway           Summ/Tloc      0%         N/A       100%        7
 Monstrous Menagerie      Summ           0%         N/A       100%        7
 Orb of Destruction       Conj           0%         9d5       100%        7
 Ozocubu's Refrigeration  Ice            0%         4d7       100%        7
 Spellforged Servitor     Conj/Summ      0%         N/A       100%        7
 Storm Form               Tmut/Air       7%         N/A       100%        7
 Summon Hydra             Summ           0%         N/A       100%        7
 Borgnjor's Revivificati  Necr           0%         N/A       100%        8
 Disjunction              Tloc           0%         N/A       100%        8
 Infestation              Necr           0%         N/A       100%        8
 Maxwell's Capacitive Co  Air            0%         ∞         100%        8
 Necromutation            Tmut/Necr      7%         N/A       100%        8
 Death's Door             Necr           0%         N/A       100%        9
 Animate Dead             Necr           Unusable   N/A       N/A         4
 Simulacrum               Ice/Necr       Unusable   N/A       N/A         6

Dungeon Overview and Level Annotations

Branches:
Dungeon (15/15)            Temple (0/1) D:7            Lair (5/5) D:9
 Shoals (4/4) Lair:3        Snake (4/4) Lair:3        Slime (0/5) Lair:4
    Orc (2/2) D:12            Elf (3/3) Orc:2        Vaults (5/5) D:13
  Crypt (0/3) Vaults:2     Depths (4/4) D:15            Zot (5/5) Depths:4
  Sewer (visited)          Bailey (visited)           IceCv (visited)
Desolation (visited)

Altars:
Dithmenos
Fedhas
Gozag
Kikubaaqudgha
Nemelex Xobeh
Okawaru
Uskayaw
Wu Jian
Xom
Yredelemnul
The Shining One
Jiyva

Shops:
D:4 ?   D:5 (:([!   D:7 !!**[   D:8 *   D:9 (   D:10 !*(**   Orc:1 ![!
Orc:2 [=(*   Elf:3 *:(   Shoals:4 (   Snake:4 :*??   Vaults:1 :   Vaults:2 *
Vaults:5 *   Depths:1 [!   Depths:2 =*(   Depths:3 [

Portals:
Hell: Depths:1 Depths:2 Depths:3 Depths:4
Abyss: Depths:3
Pandemonium: Depths:2 Depths:3
Ziggurat: Depths:1

Annotations:
D:4 1 runed translucent door, Maxmaps's ghost, amateur DsHs
D:12 3 runed translucent doors
Shoals:1 2 transporters, exclusion: orange crystal statue
Elf:2 6 runed translucent doors, Baunymm's ghost, journeyman DsBe
Vaults:1 1 runed translucent door, Vogeir's ghost, veteran HuIE
Vaults:2 1 transporter
Depths:1 3 runed translucent doors, freelancePsychic's ghost, veteran DsAE


Innate Abilities, Weirdness & Mutations

Your serpentine skin is tough. (AC +9)
You have supernaturally acute eyesight. (SInv)
Armour fits poorly on your strangely shaped body.
Your system is resistant to poisons. (rPois)
You cover ground very slowly.
You can spit poison.
You can use your snake-like lower body to constrict enemies.
You are clumsy. (Dex -2)


Message History

The cacodemon struggles to get unstuck from the web.
Pangop hits the cacodemon!!
Pangop hits the cacodemon!!
The cacodemon dies!
The sixfirhy hits Pangop but does no damage.
Pangop hits the sixfirhy!
The sixfirhy hits Pangop but does no damage.
Seebeadu grins greedily, jangling a coin purse.
The red devil stares, then turns away, jangling a coin purse.
A Seebeadu, a green death, a red devil and a shadow demon come into view.
The green death roars!
The shadow demon gives a loud, deep croak!
The sixfirhy completely misses Pangop.
The sixfirhy closely misses Pangop.
Pangop hits the sixfirhy but does no damage.
The sixfirhy hits Pangop but does no damage.
Pangop hits the sixfirhy!!!
The sixfirhy dies!
You cut the green death into ribbons!!!!
You kill the green death!
You cut the shadow demon into ribbons!!!!
You kill the shadow demon!
No target in view!
No target in view!
(D) Dungeon (T) Temple (L) Lair (A) Shoals (P) Snake Pit (M) Slime Pits (O) Orcish Mines (E) Elven Halls (V) Vaults (C) Crypt (U) Depths (H) Hell (Z) Zot
Where to? (Enter - D:1 @ (x,y), ? - help)
The Orb Guardian stares, then turns away, jangling a coin purse.
An Orb Guardian comes into view.
(D) Dungeon (T) Temple (L) Lair (A) Shoals (P) Snake Pit (M) Slime Pits (O) Orcish Mines (E) Elven Halls (V) Vaults (C) Crypt (U) Depths (H) Hell (Z) Zot
Where to? (Enter - D:1 @ (x,y), ? - help)
There is an open door here.
There is an open door here.
There is an open door here.
There is a staircase leading out of the dungeon here.
You have escaped!

..#.# ###.## ..#.# #..#
....# ##'# ..#.## #.#
..#..## #'# #.....#######
#.# ##.....&....# ##'##
##.####4#######...########
#..# #...'4'.'&@.'.'.'..#
..##
##..#####&..######.### .##
####.# ##'##...##...## ##
#.## #.#..........##
#..###'#...........#
##..##.#...........#
##.##'#...........#
#....#..........##
####.##...##...##


You could see a neutral red devil (wandering), the friendly Pangop and the
friendly Seebeadu.

Vanquished Creatures
  4 dread liches
  6 orbs of fire
  5 ancient liches
  Tiamat (Zot:2)
  Bai Suzhen (Vaults:5)
  6 Killer Klowns (Zot:5)
  Parghit (Zot:1)
  Xtahua (Vaults:4)
  A curse toe (Zot:3)
  10 golden dragons
  the Enchantress (Depths:1)
  Jory (Vaults:4)
  4 bone dragons
  A Tzitzimitl (Depths:2)
  4 electric golems
  2 doom hounds (Depths:2)
  16 tentacled monstrosities
  The ghost of Joll the Tortoise, an adept FoRe of Jiyva (Vaults:2)
  7 liches
  Mlioglotl (Shoals:3)
  22 Orb Guardians (Zot:5)
  A walking frostbound tome (Depths:2)
  2 deep elf master archers (Elf:3)
  Grunn (Depths:2)
  5 quicksilver dragons
  4 deep elf blademasters
  4 titans
  Gastronok (Lair:3)
  7 sphinxes
  2 Executioners (Abyss:3)
  8 tentacled starspawn
  An ancient champion (Vaults:2)
  7 death cobs
  12 tengu reavers
  Polyphemus (Shoals:3)
  A revenant (Abyss:3)
  13 storm dragons
  6 draconian monks
  Donald (Snake:1)
  8 shadow dragons
  5 draconian knights
  4 nagarajas (Snake:4)
  9 deep elf sorcerers
  4 draconian scorchers
  3 frost giants
  9 fire giants
  19 vault wardens
  3 ghost moths
  4 draconian shifters
  2 imperial myrmidons (Desolation)
  4 draconian stormcallers
  A deep elf elementalist (Elf:2)
  A balrug (Depths:2)
  2 orc warlords
  3 spriggan defenders (Depths:1)
  2 reapers (Depths:2)
  7 war gargoyles
  5 draconian annihilators
  19 ironbound preservers
  3 formless jellyfish
  3 deep elf demonologists
  An ophan (Abyss:3)
  15 stone giants
  12 green draconians
  27 very ugly things
  Nessos (D:14)
  2 putrid mouths (Depths:2)
  9 ironbound thunderhulks
  4 vampire knights
  12 yellow draconians
  7 black draconians
  6 deep elf annihilators
  2 halazid warlocks (Desolation)
  16 dire elephants
  6 red draconians
  11 white draconians
  11 spark wasps
  12 purple draconians
  5 merfolk javelineers
  An eidolon (Vaults:2)
  10 ettins
  Josephine (D:10)
  4 crystal guardians
  A green death (D:1)
  An entropy weaver (Vaults:4)
  A quicksilver dragon zombie (Abyss:3)
  7 deep elf death magi
  12 fire dragons
  3 jiangshi (Depths:1)
  7 merfolk impalers
  9 deep elf high priests
  9 ragged hierophants (Desolation)
  16 yaktaur captains
  Erolcha (Orc:2)
  9 servants of whispers
  7 spriggan air magi
  4 great orbs of eyes
  6 rakshasas
  5 ice dragons
  9 hydras
  4 salamander tyrants
  32 vault guards
  Harold (Orc:1)
  5 merfolk avatars
  5 catoblepae
  13 centaur warriors
  A hell beast (Depths:4)
  19 anacondas
  Fannar (D:9)
  9 peacekeepers
  10 boulder beetles
  An alligator snapping turtle (Shoals:4)
  A death knight (Abyss:3)
  25 dancing weapons
  3 ironbound frosthearts
  6 two-headed ogres
  2 tengu warriors
  6 merfolk aquamancers
  2 satyrs (Shoals:4)
  15 death yaks
  A hell hog (Abyss:3)
  16 naga warriors
  8 deep troll earth magi
  14 naga sharpshooters
  4 orc high priests (Orc:2)
  2 vampire magi
  9 deep troll shamans
  3 shock serpents
  9 thrashing horrors
  2 spriggan berserkers (Depths:3)
  7 hell knights
  A sun demon (Abyss:3)
  5 deep elf knights
  Sonja (Lair:1)
  8 skysharks
  6 wretched stars (Abyss:3)
  Nergalle (Orc:1)
  5 salamander mystics
  3 shadow wraiths
  10 iron trolls
  A spatial maelstrom (Abyss:3)
  53 deep trolls
  A golden dragon zombie (Vaults:4)
  A sixfirhy (Abyss:3)
  Lodul (D:10)
  A deep troll (shapeshifter) (Vaults:5)
  9 sea snakes
  A sea snake (shapeshifter) (Depths:2)
  A shadow demon (D:1)
  A swamp dragon (Lair:5)
  19 deep elf archers
  10 lindwurms
  4 glowing orange brains
  A death drake (Abyss:3)
  10 naga ritualists
  An obsidian statue (Vaults:2)
  8 wizards
  A spriggan simulacrum (Abyss:3)
  A tengu zombie (Vaults:4)
  18 deep elf zephyrmancers
  13 harpies
  5 phantasmal warriors
  18 starcursed masses (Abyss:3)
  A steelbarb worm (shapeshifter) (Vaults:5)
  25 ironbound convokers
  A wolf spider (Lair:5)
  Pikel (D:9)
  3 fauns (Shoals:4)
  4 orc sorcerers
  29 deep elf pyromancers
  5 necromancers
  8 orc knights
  26 ugly things
  8 mana vipers
  14 salamanders
  A will-o-the-wisp (Abyss:3)
  17 manticores
  19 cyclopes
  2 worldbinders
  Maurice (D:10)
  4 ice statues
  A guardian serpent (shapeshifter) (D:13)
  6 smoke demons
  6 merfolk sirens
  A centaur zombie (D:15)
  14 vault sentinels
  3 elephants (Lair:4)
  Joseph (D:9)
  5 water nymphs
  9 moths of wrath
  16 guardian serpents
  A torpor snail (Lair:5)
  37 black mambas
  3 centaur skeletons (D:15)
  18 naga magi
  A gargoyle (D:12)
  11 cane toads
  A hellion (Depths:1)
  18 yaktaurs
  5 rime drakes
  An unseen horror (shapeshifter) (Abyss:3)
  An efreet (Abyss:3)
  Psyche (D:10)
  2 tormentors
  5 komodo dragons
  2 unseen horrors
  3 tengu conjurers
  An ice devil (Abyss:3)
  2 red devils
  An ancient zyme (Abyss:3)
  6 catoblepas skeletons (Abyss:3)
  10 wind drakes
  A polar bear (Lair:5)
  A guardian mummy (D:10)
  19 large abominations
  6 hornets
  11 trolls
  A harpy zombie (Abyss:2)
  29 merfolk
  20 blink frogs
  8 snapping turtles
  5 dream sheep (Lair:2)
  18 raiju
  53 saltlings
  A centaur simulacrum (D:11)
  19 slime creatures
  A flying skull (Abyss:2)
  9 wraiths
  14 ynoxinuls
  4 air elementals (Elf:1)
  An ettin skeleton (Vaults:4)
  5 spriggans
  A shadow (D:11)
  13 wyverns
  72 yaks
  20 water elementals
  12 basilisks
  4 fire elementals
  A golden eye (shapeshifter) (Elf:1)
  4 redbacks (Lair:5)
  2 steam dragons
  5 chaos spawn
  A yaktaur simulacrum (Vaults:4)
  12 vampire mosquitoes
  A harpy simulacrum (IceCv)
  4 neqoxecs (Abyss:3)
  33 nagas
  3 wargs (Orc:2)
  6 acid dragons
  18 small abominations
  2 hydra simulacra (IceCv)
  28 water moccasins
  A floating eye (shapeshifter) (Vaults:5)
  40 orc warriors
  2 swamp drakes (Lair:5)
  4 ice beasts
  A sky beast (D:5)
  A hornet zombie (D:15)
  3 black bears
  15 ogres
  An ettin simulacrum (Vaults:4)
  27 centaurs
  2 phantoms
  A wolf (D:9)
  2 lemures (D:9)
  9 kobold brigands
  11 earth elementals
  14 bullfrogs
  A gnoll sergeant (Orc:1)
  A scorpion (D:5)
  Blork the orc (Orc:1)
  4 elephant simulacra (IceCv)
  4 killer bees (D:10)
  A vampire bat (D:10)
  5 electric eels
  6 howler monkeys
  2 quasits
  8 hounds
  2 lava snakes (Lair:3)
  14 orc priests
  2 gnoll boudas (D:7)
  An iron imp (Abyss:2)
  Terence (D:2)
  4 iguanas (Lair:5)
  3 sleepcaps
  16 orc wizards
  A polar bear simulacrum (IceCv)
  2 wolf simulacra (IceCv)
  19 gnolls
  11 adders
  5 river rats (Sewer)
  2 shadow imps (D:4)
  14 white imps
  6 ufetubi
  3 worms
  A dart slug (D:2)
  73 orcs
  3 bat skeletons (D:10)
  2 bat zombies (D:10)
  6 endoplasms
  11 giant cockroaches
  10 goblins
  10 hobgoblins
  A jackal (Sewer)
  26 kobolds
  9 quokkas
  14 ball pythons
  14 bats
  3 frilled lizards
  7 rats
  A lurking horror (Abyss:3)
  2 spectral weapons (Zot:5)
  8 starspawn tentacles (Abyss:3)
2333 creatures vanquished.

Vanquished Creatures (collateral kills)
  An orb of fire (Zot:5)
  2 Killer Klowns (Zot:5)
  3 Orb Guardians (Zot:5)
  Louise (Shoals:4)
  A cacodemon (D:1)
  A very ugly thing (Depths:1)
  A spriggan air mage (Depths:1)
  A sixfirhy (D:1)
  A red devil (D:8)
  A chaos spawn (D:2)
  3 orc warriors (Orc:2)
  An orc (Orc:2)
17 creatures vanquished.

Vanquished Creatures (others)
  A fire giant (Vaults:5)
  A draconian annihilator (Zot:2)
  An ogre mage (Vaults:5)
  A deep elf knight (Elf:1)
  2 wizards (Vaults:4)
  A yaktaur (Vaults:2)
  3 saltlings (Desolation)
  A chaos spawn (Abyss:3)
  A small abomination (Abyss:3)
  2 lurking horrors (Abyss:2)
  15 starspawn tentacles (Abyss:3)
29 creatures vanquished.

Grand Total: 2379 creatures vanquished

Notes
Turn   | Place    | Note
-------+----------+-------------------------------------------
     0 | D:1      | ragingrage the Naga Monk began the quest for the Orb.
     0 | D:1      | Reached XP level 1. HP: 21/21 MP: 1/1
    98 | D:1      | Reached XP level 2. HP: 24/28 MP: 2/2
   711 | D:2      | You fall into a shaft and drop 2 floors!
   746 | D:4      | Reached XP level 3. HP: 34/34 MP: 3/3
   799 | D:4      | Reached skill level 5 in Axes
   799 | D:4      | Reached XP level 4. HP: 39/42 MP: 4/4
  1044 | D:4      | Noticed an ogre
  1078 | D:4      | Killed an ogre
  1079 | D:4      | Reached XP level 5. HP: 22/49 MP: 5/5
  1354 | D:4      | Found a runed translucent door.
  1354 | D:4      | Noticed Maxmaps's ghost (amateur DsHs)
  1411 | D:4      | Reached XP level 6. HP: 50/56 MP: 6/6
  1611 | D:4      | Found Hucviz's Magic Scroll Boutique.
  1665 | D:4      | Bought a scroll of teleportation for 33 gold pieces
  1665 | D:4      | Bought a scroll of identify for 22 gold pieces
  2485 | D:2      | Noticed Terence
  2499 | D:2      | Killed Terence
  3129 | D:3      | Found a shadowy altar of Dithmenos.
  3129 | D:3      | Found an opulent altar of Gozag.
  3150 | D:3      | Found a basalt altar of Yredelemnul.
  3161 | D:3      | Became a worshipper of Gozag Ym Sagoz the Greedy
  3857 | D:5      | Entered Level 5 of the Dungeon
  3884 | D:5      | Noticed a water moccasin
  3887 | D:5      | Reached XP level 7. HP: 21/62 MP: 7/7
  4056 | D:5      | Found Upsup's Antique Armour Shop.
  4061 | D:5      | Found Tourhumm's Weapon Shoppe.
  4155 | D:5      | Found Pouh's Distillery.
  4159 | D:5      | Bought a potion of degeneration for 11 gold pieces
  4160 | D:5      | Bought a potion of mutation for 88 gold pieces
  4183 | D:5      | Noticed a steam dragon
  4200 | D:5      | Killed a steam dragon
  4384 | D:5      | Found Ytesch Qaigg's Antique Weapon Shoppe.
  4434 | D:5      | Found Migufas's Book Shoppe.
  4937 | D:5      | Reached XP level 8. HP: 69/69 MP: 8/8
  5065 | D:5      | Got Sif Muna's Folio of the Amassed Nimbus
  5264 | D:6      | Found a glowing drain.
  5268 | Sewer    | Entered a sewer
  5575 | Sewer    | Reached skill level 10 in Axes
  6259 | D:6      | Found a hide-covered altar of Uskayaw.
  6439 | D:6      | Found a sparkling altar of Nemelex Xobeh.
  6564 | D:7      | Reached XP level 9. HP: 75/75 MP: 9/9
  6605 | D:7      | Found Xupef's General Store.
  6849 | D:7      | Found Meli's Distillery.
  6863 | D:7      | Found a staircase to the Ecumenical Temple.
  6878 | D:7      | Found Bimneg's Distillery.
  7019 | D:7      | Found a shimmering altar of Xom.
  7153 | D:7      | Found Wuaruja's Armour Boutique.
  7173 | D:7      | Found Peufudghi's General Store.
  7178 | D:7      | Bought a +2 helmet for 214 gold pieces
  7183 | D:7      | Bought a +0 pair of gloves of dexterity for 149 gold pieces
  7298 | D:7      | Bought a potion of haste for 140 gold pieces
  7298 | D:7      | Bought a potion of heal wounds for 70 gold pieces
  7537 | D:7      | Learned a level 2 spell: Wereblood
  7818 | D:8      | Found Kosipn's Demolitions Depot.
  7830 | D:8      | Bought a lightning rod (4/4) for 330 gold pieces
  7958 | D:8      | Reached skill level 1 in Transmutations
  7958 | D:8      | Reached skill level 1 in Evocations
  7958 | D:8      | Reached XP level 10. HP: 60/84 MP: 10/10
  7984 | D:8      | Reached skill level 1 in Armour
  8594 | D:9      | Found a staircase to the Lair.
  8615 | D:9      | Reached skill level 2 in Armour
  8925 | D:9      | Noticed Pikel
  8940 | D:9      | Killed Pikel
  9371 | D:9      | Noticed Joseph
  9392 | D:9      | Killed Joseph
  9393 | D:9      | Reached skill level 5 in Fighting
  9393 | D:9      | Reached skill level 3 in Armour
  9460 | D:9      | Noticed a two-headed ogre
  9571 | D:9      | Reached XP level 11. HP: 90/96 MP: 11/11
  9663 | D:9      | Found Nacadd's Weapon Emporium.
  9950 | D:9      | Killed a two-headed ogre
 10219 | D:10     | Entered Level 10 of the Dungeon
 10226 | D:10     | Found Zebixien's General Store.
 10234 | D:10     | Bought a tin of tremorstones (2/2) for 600 gold pieces
 10280 | D:10     | Found a flagged portal.
 10281 | D:10     | Noticed Lodul
 10576 | D:10     | Killed Lodul
 10577 | D:10     | Reached skill level 1 in Throwing
 10577 | D:10     | Reached skill level 5 in Transmutations
 10577 | D:10     | Reached skill level 5 in Evocations
 10592 | Bailey   | Entered a bailey
 10741 | Bailey   | Identified the ring "Moula" {rC- AC+4 Dex+9}
 10741 | Bailey   | Noticed an orc knight
 10765 | Bailey   | Killed an orc knight
 10808 | Bailey   | Found an iron altar of Okawaru.
 10857 | D:10     | Noticed Josephine
 10902 | D:10     | Killed Josephine
 11051 | D:10     | Noticed a two-headed ogre
 11065 | D:10     | Killed a two-headed ogre
 11274 | D:10     | Found Irae's Weapon Emporium.
 11291 | D:10     | Bought 4 curare-tipped darts for 76 gold pieces
 11356 | D:10     | Found a blossoming altar of Fedhas.
 11376 | D:10     | Found a portal to a secret trove of treasure.
 11506 | D:10     | Found Bajese's Assorted Antiques.
 11528 | D:10     | Bought a fuming coppery potion for 26 gold pieces
 11599 | D:10     | Found an ancient bone altar of Kikubaaqudgha.
 11605 | D:10     | Reached skill level 5 in Throwing
 11677 | D:10     | Noticed Psyche
 11679 | D:10     | Killed Psyche
 11753 | D:10     | Found Pafoussa's Distillery.
 11763 | D:10     | Bought a potion of invisibility for 88 gold pieces
 11799 | D:10     | Reached skill level 1 in Spellcasting
 12023 | D:10     | Noticed Maurice
 12043 | D:10     | Killed Maurice
 12053 | D:10     | Identified the +1 cloak of the Desolation of Salt {Drain
                  | rElec rC- Regen+}
 12081 | D:10     | Reached XP level 12. HP: 101/109 MP: 13/13
 12206 | D:10     | Found Ireub's Elemental Accessories.
 12310 | D:10     | Found an ornate altar of the Wu Jian Council.
 12766 | D:10     | Bought an amulet of regeneration for 450 gold pieces
 12848 | D:7      | Bought a phial of floods for 520 gold pieces
 12934 | Lair:1   | Entered Level 1 of the Lair of Beasts
 12934 | Lair:1   | Noticed Fannar
 13031 | Lair:1   | Noticed Sonja
 13068 | Lair:1   | Killed Sonja
 13096 | D:9      | Killed Fannar
 13799 | Lair:1   | You fall into a shaft and drop 1 floor!
 13801 | Lair:2   | Noticed a seven-headed hydra
 13804 | Lair:2   | Noticed a six-headed hydra
 13806 | Lair:2   | Killed a seven-headed hydra
 13807 | Lair:2   | Reached skill level 10 in Fighting
 13816 | Lair:2   | Killed a six-headed hydra
 14033 | Lair:2   | Gained mutation: You can use your snake-like lower body to
                  | constrict enemies. [Naga growth]
 14033 | Lair:2   | Reached XP level 13. HP: 122/123 MP: 14/14
 14035 | Lair:2   | Identified the +12 lajatang "Zeith" {venom, rCorr Dex+3}
 14211 | Lair:2   | Reached skill level 15 in Axes
 14686 | Lair:3   | Noticed Gastronok
 14745 | Lair:3   | Killed Gastronok
 14762 | Lair:3   | Found a frozen archway.
 14809 | IceCv    | Entered an ice cave
 14874 | IceCv    | Got the Meditations on Reformation
 15012 | IceCv    | Identified a scroll of acquirement
 15200 | IceCv    | Acquired a +5 heavy broad axe
 15417 | IceCv    | Reached skill level 10 in Evocations
 15512 | IceCv    | Identified the +8 scale mail of Qemyciov {Str+3}
 15786 | Lair:3   | Found a staircase to the Snake Pit.
 16048 | Lair:3   | Found a staircase to the Shoals.
 16368 | Lair:4   | Reached XP level 14. HP: 101/132 MP: 15/15
 16947 | Lair:4   | Found a viscous altar of Jiyva.
 16983 | Lair:4   | Found a staircase to the Slime Pits.
 17280 | Lair:5   | Entered Level 5 of the Lair of Beasts
 17451 | Lair:5   | Reached skill level 4 in Armour
 17828 | Lair:5   | Reached skill level 5 in Armour
 19219 | D:11     | Reached XP level 15. HP: 134/141 MP: 16/16
 19463 | D:11     | Reached skill level 6 in Armour
 20158 | D:12     | Found a staircase to the Orcish Mines.
 20354 | D:12     | Found a runed translucent door.
 20443 | D:12     | Found a runed translucent door.
 20463 | D:12     | Found a runed translucent door.
 20744 | D:12     | Found a runed translucent door.
 21151 | Orc:1    | Entered Level 1 of the Orcish Mines
 21151 | Orc:1    | Noticed Harold
 21155 | Orc:1    | Killed Harold
 21164 | Orc:1    | Found Nyistrifi's Distillery.
 21285 | Orc:1    | Found Ofevyiv's Distillery.
 21292 | Orc:1    | Bought a potion of berserk rage for 70 gold pieces
 21292 | Orc:1    | Bought a potion of berserk rage for 70 gold pieces
 21355 | Orc:1    | Noticed Blork the orc
 21358 | Orc:1    | Killed Blork the orc
 21435 | Orc:1    | Found Omin's Armour Shop.
 21506 | Orc:1    | Noticed Nergalle
 21513 | Orc:1    | Killed Nergalle
 21683 | Orc:2    | Entered Level 2 of the Orcish Mines
 21688 | Orc:2    | Noticed Erolcha
 21694 | Orc:2    | Killed Erolcha
 21695 | Orc:2    | Found Jaez's General Store.
 21719 | Orc:2    | Reached skill level 7 in Armour
 21741 | Orc:2    | Bought a scroll of poison for 56 gold pieces
 21774 | Orc:2    | Found Ymiclorr's Antique Weapon Shop.
 21779 | Orc:2    | Noticed an orc warlord
 21789 | Orc:2    | Killed an orc warlord
 22046 | Orc:2    | Found Nuaf's Jewellery Emporium.
 22169 | Orc:2    | Found a staircase to the Elven Halls.
 22249 | Orc:2    | Found Ruofoa's Antique Armour Shop.
 22566 | Orc:2    | Bought a transparent plate armour for 840 gold pieces
 22566 | Orc:2    | Identified the +6 plate armour "Jeceb" {Harm rPois Int-3}
                  | (You bought it in a shop on level 2 of the Orcish Mines)
 22652 | D:10     | Bought a scroll of teleportation for 87 gold pieces
 22652 | D:10     | Bought a scroll of teleportation for 87 gold pieces
 22652 | D:10     | Bought a scroll of blinking for 217 gold pieces
 22681 | D:10     | Bought 2 potions of heal wounds for 110 gold pieces
 22681 | D:10     | Bought a potion of resistance for 110 gold pieces
 22681 | D:10     | Bought a potion of curing for 33 gold pieces
 22681 | D:10     | Bought a potion of haste for 110 gold pieces
 22763 | Orc:1    | Bought a potion of haste for 150 gold pieces
 22763 | Orc:1    | Bought a potion of heal wounds for 75 gold pieces
 22763 | Orc:1    | Bought a potion of haste for 150 gold pieces
 22763 | Orc:1    | Bought 2 potions of invisibility for 240 gold pieces
 23299 | D:14     | Reached skill level 1 in Shields
 23299 | D:14     | Reached XP level 16. HP: 144/153 MP: 17/17
 23621 | D:14     | Noticed Nessos
 23623 | D:14     | Killed Nessos
 24186 | D:13     | Found a gate to the Vaults.
 24846 | D:15     | Entered Level 15 of the Dungeon
 25389 | D:15     | Reached skill level 8 in Armour
 25582 | D:15     | Found a staircase to the Depths.
 26104 | Snake:1  | Entered Level 1 of the Snake Pit
 26328 | Snake:1  | Noticed Donald
 26333 | Snake:1  | Killed Donald
 26727 | Snake:2  | Reached XP level 17. HP: 160/164 MP: 14/18
 27229 | Snake:2  | Reached skill level 5 in Shields
 28149 | Snake:3  | Reached skill level 9 in Armour
 28162 | Snake:2  | HP: 8/165 [salamander/+0 trident (7)]
 29021 | Snake:4  | Entered Level 4 of the Snake Pit
 29124 | Snake:4  | Reached skill level 10 in Throwing
 29195 | Snake:4  | Found Xopnue Wili's General Store.
 29198 | Snake:4  | Found Faogoitte's Magic Scroll Emporium.
 29198 | Snake:4  | Found Segots's Book Shoppe.
 29203 | Snake:4  | Bought a box of beasts for 520 gold pieces
 29203 | Snake:4  | Found Mogufox's Magic Scroll Emporium.
 29214 | Snake:4  | Bought a scroll of blinking for 97 gold pieces
 29219 | Snake:4  | Bought a scroll of fear for 52 gold pieces
 29219 | Snake:4  | Bought a scroll of fog for 52 gold pieces
 29219 | Snake:4  | Bought a scroll of butterflies for 52 gold pieces
 29219 | Snake:4  | Bought a scroll of blinking for 97 gold pieces
 29365 | Snake:4  | Reached XP level 18. HP: 155/175 MP: 19/19
 29763 | Snake:4  | Reached skill level 10 in Armour
 29890 | Snake:4  | Got a serpentine rune of Zot
 30340 | Shoals:1 | Entered Level 1 of the Shoals
 30340 | Shoals:1 | Found a transporter.
 30409 | Shoals:1 | Found a transporter.
 30648 | Shoals:1 | Identified the staff "Renael" {rElec rPois Will++ Int-2
                  | Conj Poison}
 31102 | Shoals:2 | Reached skill level 15 in Evocations
 31778 | Shoals:3 | Noticed Mlioglotl
 31916 | Shoals:3 | Killed Mlioglotl
 32006 | Shoals:3 | Reached skill level 11 in Armour
 32085 | Shoals:3 | Noticed Polyphemus
 32109 | Shoals:3 | Killed Polyphemus
 32443 | Shoals:3 | Reached skill level 10 in Shields
 32449 | Shoals:3 | Reached skill level 1 in Stealth
 32638 | Shoals:4 | Entered Level 4 of the Shoals
 32859 | Shoals:4 | Reached XP level 19. HP: 182/182 MP: 17/20
 32974 | Shoals:4 | Found Tuovewiu's Antique Weapon Shoppe.
 33010 | Shoals:4 | Noticed Louise
 33021 | Shoals:4 | Killed Louise
 33108 | Shoals:4 | Reached skill level 5 in Stealth
 33318 | Shoals:4 | Got a barnacled rune of Zot
 33468 | Shoals:4 | Got the Volume of Evil Ceremonies and the Map
 33723 | Elf:1    | Entered Level 1 of the Elven Halls
 34104 | Elf:1    | Paralysed by an air elemental for 1 turns
 34148 | Elf:1    | Reached skill level 5 in Dodging
 34785 | Elf:2    | Reached skill level 15 in Fighting
 34863 | Abyss:1  | Found a corrupted altar of Lugonu.
 34863 | Abyss:1  | Cast into level 1 of the Abyss (deep elf zephyrmancer)
 34948 | Abyss:1  | Found a corrupted altar of Lugonu.
 34968 | Abyss:1  | Found a corrupted altar of Lugonu.
 34973 | Elf:2    | Escaped the Abyss
 35124 | Abyss:2  | Cast into level 2 of the Abyss (+0 short sword of
                  | distortion)
 35176 | Elf:2    | Escaped the Abyss
 35180 | Elf:2    | Reached XP level 20. HP: 189/194 MP: 21/21
 35259 | Elf:2    | Found a runed translucent gate.
 35260 | Elf:2    | Found a runed translucent gate.
 35260 | Elf:2    | Found a runed translucent gate.
 35450 | Elf:2    | Found a runed translucent gate.
 35451 | Elf:2    | Found a runed translucent gate.
 35452 | Elf:2    | Found a runed translucent gate.
 35452 | Elf:2    | Noticed Baunymm's ghost (journeyman DsBe)
 35453 | Elf:2    | Found an iron altar of Okawaru.
 35568 | Elf:3    | Entered Level 3 of the Elven Halls
 36338 | Elf:3    | Found Hahapsut's Weapon Boutique.
 36342 | Elf:3    | Found Uhul's Book Shoppe.
 36381 | Elf:3    | Found Nudilai's General Store.
 36389 | Elf:3    | Bought a scroll of immolation for 72 gold pieces
 36710 | Elf:3    | Found the +5 demon whip "Spellbinder" {antimagic, disrupt,
                  | Will+}
 36739 | Elf:3    | Identified the +3 ring mail "Bityll" {Harm rPois rC+}
 36790 | Elf:3    | Identified the staff of Plunder {rElec rC+ rN+ Str+2 Dex-3
                  | Ice}
 36796 | Elf:3    | Identified the +6 morningstar of No Interval {heavy, *Noise
                  | rElec Will+ rCorr}
 36813 | Elf:3    | Got the Elucidation of Wintry Beguiling
 36816 | Elf:3    | Identified the +0 chain mail of Jobbent {+Inv rF+ Will+
                  | Int-5}
 36820 | Elf:3    | Got the Volume of the Different Swarm
 36821 | Elf:3    | Identified the +1 robe of Mezcal {rC- rN++ Int+2}
 36825 | Elf:3    | Identified the amulet "Buliceid" {Regen+ Dex+4}
 36841 | Elf:3    | Identified the ring "Xilo" {Contam *Slow MP+9 Dex+6 Slay+5}
 36853 | Elf:3    | Identified the +0 cloak "San Heyq" {Harm Rampage rF-
                  | Stlth+}
 36880 | Elf:3    | Identified the staff "Mepseukk" {*Corrode rPois Stlth+ Ice
                  | Air Poison}
 36893 | Elf:3    | Identified the +8 chain mail of the Orb Guardian {rElec
                  | Str+2}
 37141 | Vaults:1 | Entered Level 1 of the Vaults
 37255 | Vaults:1 | Reached skill level 1 in Maces & Flails
 37284 | Vaults:1 | Found a runed translucent door.
 37284 | Vaults:1 | Found a shimmering altar of Xom.
 37284 | Vaults:1 | Noticed Vogeir's ghost (veteran HuIE)
 37284 | Vaults:1 | Identified the +4 war axe of Fortitude {chaos, rCorr Int+4}
 38013 | Vaults:1 | Found Puon's Book Shoppe.
 38198 | Vaults:1 | Reached XP level 21. HP: 200/205 MP: 24/24
 38499 | Vaults:2 | Found a staircase to the Crypt.
 38921 | Vaults:2 | Found a transporter.
 39284 | Vaults:2 | Found a runed translucent gate.
 39284 | Vaults:2 | Found a runed translucent gate.
 39284 | Vaults:2 | Found a runed translucent gate.
 39284 | Vaults:2 | Found an opulent altar of Gozag.
 39285 | Vaults:2 | Noticed Joll's ghost (adept FoRe)
 39286 | Vaults:2 | Found Lesyugg's Assorted Antiques.
 39310 | Vaults:2 | Killed Joll's ghost
 40116 | Vaults:3 | Reached skill level 15 in Throwing
 40185 | Vaults:3 | Reached skill level 10 in Stealth
 41130 | Vaults:4 | Noticed Xtahua
 41138 | Vaults:4 | Killed Xtahua
 41235 | Vaults:4 | Reached XP level 22. HP: 168/213 MP: 23/25
 41387 | Vaults:4 | Noticed Jory
 41390 | Vaults:4 | Found a crumbling gateway.
 41415 | Vaults:4 | Killed Jory
 41483 | Desolati | Entered the Desolation of Salt
 41746 | Desolati | Identified the +1 halberd of Ublot {freeze, rElec rPois
                  | Int+4 Dex+5}
 41977 | Desolati | Identified the ring of Noiniwus {rN+ Will+ MP+9 Str+2}
 41984 | Desolati | Identified the ring "Damnable Contraption" {Wiz rPois rCorr
                  | Slay+3}
 42012 | Desolati | Identified the +3 morningstar of Diniwonu {flame, Dex+4}
 42019 | Desolati | Identified the staff "Osmiarag" {rPois rN++ Int+3 Poison}
 42150 | Desolati | Identified the +10 plate armour "Woluav" {Harm}
 42160 | Desolati | Got the Disquisition on Assembling and the Dose
 42254 | Desolati | Got the Volume of the Exothermic Traveller
 42259 | Desolati | Identified the +0 chain mail of Snakes and Ladders {Drain
                  | +Inv rElec rPois}
 42876 | Vaults:4 | Reached skill level 10 in Transmutations
 42984 | Vaults:4 | Noticed a dread lich
 42995 | Vaults:4 | Killed a dread lich
 43520 | Depths:1 | Entered Level 1 of the Depths
 43558 | Depths:1 | Found Rirroack's Antique Armour Boutique.
 43576 | Depths:1 | Noticed the Enchantress
 43584 | Depths:1 | Killed the Enchantress
 43593 | Depths:1 | Noticed a golden dragon
 43598 | Depths:1 | Reached XP level 23. HP: 211/225 MP: 26/26
 43606 | Depths:1 | Killed a golden dragon
 43756 | Depths:1 | Found Emasherph's Distillery.
 43874 | Depths:1 | Found a one-way gateway to a ziggurat.
 43917 | Depths:1 | Found a runed translucent gate.
 43917 | Depths:1 | Found a runed translucent gate.
 43917 | Depths:1 | Found a runed translucent gate.
 43918 | Depths:1 | Noticed a dread lich
 43918 | Depths:1 | Noticed freelancePsychic's ghost (veteran DsAE)
 44064 | Depths:1 | Found a gateway to Hell.
 44359 | D:10     | You paid a toll of 13 potions of heal wounds to enter a
                  | treasure trove
 44360 | Trove    | Entered a treasure trove
 44460 | Trove    | Found the ring of the Tortoise {AC+8}
 44490 | Trove    | Found the +3 warlock's mirror {omnireflect}
 44500 | Trove    | Identified the +1 broad axe of Gallantry {flame, rF-
                  | Will++}
 44506 | Trove    | Identified the amulet of Makhleb's Castigation {RegenMP
                  | +Blink rC+ Int+4 Stlth+}
 44512 | Trove    | Identified the +8 hand axe "Goadir" {speed, rF+ rN++
                  | Will+++ Stlth-}
 44514 | Trove    | Identified the amulet "Xuituola" {Reflect rPois Slay+3
                  | SH+5}
 44848 | Depths:1 | Bought a potion of heal wounds for 75 gold pieces
 44848 | Depths:1 | Bought a potion of attraction for 45 gold pieces
 44848 | Depths:1 | Bought a potion of mutation for 120 gold pieces
 44848 | Depths:1 | Bought a potion of attraction for 45 gold pieces
 45162 | Depths:2 | Found a glowing golden altar of the Shining One.
 45216 | Depths:2 | Found Vorul's Jewellery Boutique.
 45218 | Depths:2 | Found Yreut's Assorted Antiques.
 45220 | Depths:2 | Found Huly's Antique Weapon Boutique.
 45232 | Depths:2 | Bought a runed broad axe for 147 gold pieces
 45260 | Depths:2 | Found a one-way gate leading to the halls of Pandemonium.
 45278 | Depths:2 | Noticed Grunn
 45295 | Depths:2 | Killed Grunn
 46603 | Depths:3 | Reached XP level 24. HP: 236/236 MP: 26/26
 46745 | Depths:3 | Found a one-way gate to the infinite horrors of the Abyss.
 46793 | Depths:3 | Found Finniq's Antique Armour Boutique.
 46808 | Depths:3 | Bought a brightly glowing ring mail for 234 gold pieces
 46808 | Depths:3 | Identified the +2 ring mail "Adukaf" {Dex+3} (You bought it
                  | in a shop on level 3 of the Depths)
 46843 | Depths:3 | Identified the +1 robe "Hiadiaqu" {Str+2}
 46864 | Depths:3 | Reached skill level 12 in Armour
 47284 | Depths:3 | Voluntarily entered the Abyss.
 47284 | Abyss:2  | Found a corrupted altar of Lugonu.
 47335 | Abyss:2  | Acquired 435 gold pieces
 47353 | Abyss:2  | Found a corrupted altar of Lugonu.
 47404 | Abyss:2  | Found a corrupted altar of Lugonu.
 47644 | Depths:3 | Escaped the Abyss
 47646 | Depths:3 | Voluntarily entered the Abyss.
 47795 | Abyss:3  | Found a corrupted altar of Lugonu.
 47877 | Abyss:3  | Noticed an ancient lich
 47894 | Abyss:3  | Found a corrupted altar of Lugonu.
 47920 | Abyss:3  | Gained mutation: You are clumsy. (Dex -2) [a neqoxec]
 47925 | Abyss:3  | Found a corrupted altar of Lugonu.
 47980 | Depths:3 | Escaped the Abyss
 47985 | Depths:3 | Voluntarily entered the Abyss.
 48201 | Abyss:3  | Noticed an ancient lich
 48317 | Abyss:3  | Noticed an ancient lich
 48326 | Abyss:3  | Killed an ancient lich
 48327 | Abyss:3  | Reached skill level 13 in Armour
 48512 | Depths:3 | Escaped the Abyss
 48514 | Depths:3 | Voluntarily entered the Abyss.
 48672 | Abyss:3  | Got an abyssal rune of Zot
 48798 | Depths:3 | Escaped the Abyss
 49076 | Vaults:5 | Entered Level 5 of the Vaults
 49085 | Vaults:5 | Reached XP level 25. HP: 244/244 MP: 26/26
 49129 | Vaults:5 | Reached skill level 10 in Dodging
 49140 | Vaults:5 | Reached skill level 14 in Armour
 49276 | Vaults:5 | Noticed an ancient lich
 49288 | Vaults:5 | Killed an ancient lich
 49330 | Vaults:5 | Paralysed by a floating eye for 4 turns
 49535 | Vaults:5 | Identified the +6 orcbow of Qadokkeb {flame, rPois Dex+4}
 49535 | Vaults:5 | Identified the amulet of Wonder {Reflect rF+ rN+++ SH+5
                  | Stlth-}
 49721 | Vaults:5 | Identified the ring "Uranow" {*Corrode rC+ rN+ Str+6 Dex+2}
 49870 | Vaults:5 | Noticed Bai Suzhen
 49881 | Vaults:5 | Killed Bai Suzhen
 49955 | Vaults:5 | Identified the amulet "Olucauco" {+Inv rC- Regen+ rCorr
                  | Str+3}
 49961 | Vaults:5 | Noticed a dread lich
 49971 | Vaults:5 | Killed a dread lich
 50095 | Vaults:5 | Identified the +12 quarterstaff "Lenaf" {elec, Contam rN+
                  | Str+3 Dex+3}
 50176 | Vaults:5 | Found Wushrez's General Store.
 50191 | Vaults:5 | Bought a potion of mutation for 128 gold pieces
 50266 | Vaults:5 | Identified the +5 mace "Orhuomnaoma" {holy, rElec}
 50411 | Vaults:5 | Got a silver rune of Zot
 50658 | Vaults:5 | Got the Directory of Amalgamated Changing
 50692 | Vaults:5 | Reached XP level 26. HP: 259/259 MP: 26/26
 50716 | Vaults:5 | Found the +3 Mad Mage's Maulers {Infuse+∞ VampMP -Cast}
 51025 | Vaults:5 | Identified the +0 chain mail "Xebasite" {*Corrode Drain
                  | +Blink Str+9}
 51418 | Depths:4 | Entered Level 4 of the Depths
 51773 | Depths:4 | Found a gate to the Realm of Zot.
 52131 | Depths:4 | Found a shadowy altar of Dithmenos.
 52411 | Depths:4 | Reached skill level 15 in Armour
 53358 | Zot:1    | Entered Level 1 of the Realm of Zot
 54342 | Zot:1    | Noticed Parghit
 54349 | Zot:1    | Killed Parghit
 56595 | Zot:1    | Noticed an orb of fire
 56632 | Zot:1    | Killed an orb of fire
 56886 | Zot:1    | Identified the +0 buckler of Generosity {Int+3}
 57481 | Zot:2    | Reached skill level 16 in Armour
 57679 | Zot:2    | Noticed an orb of fire
 57712 | Zot:2    | Killed an orb of fire
 57730 | Zot:2    | Found the +4 dragonskin cloak
 57730 | Zot:2    | Noticed Tiamat
 57888 | Zot:2    | Killed Tiamat
 58596 | Zot:2    | Reached skill level 17 in Armour
 59275 | Zot:3    | Identified the +1 pair of boots "Epsathit" {+Inv rElec}
 59827 | Zot:3    | Reached XP level 27. HP: 268/268 MP: 2/26
 61418 | Zot:4    | Reached skill level 18 in Armour
 62790 | Zot:5    | Entered Level 5 of the Realm of Zot
 62973 | Zot:5    | Noticed an ancient lich
 62980 | Zot:5    | Killed an ancient lich
 62986 | Zot:5    | Noticed an orb of fire
 63010 | Zot:5    | Reached skill level 19 in Armour
 63012 | Zot:5    | Killed an orb of fire
 63342 | Zot:5    | Noticed a dread lich
 63351 | Zot:5    | Killed a dread lich
 63354 | Zot:5    | Noticed an ancient lich
 63368 | Zot:5    | Killed an ancient lich
 64049 | Zot:5    | Noticed an ancient lich
 64050 | Zot:5    | Noticed an orb of fire
 64058 | Zot:5    | Killed an ancient lich
 64061 | Zot:5    | Killed an orb of fire
 64080 | Zot:5    | Reached skill level 20 in Armour
 64101 | Zot:5    | Noticed an orb of fire
 64107 | Zot:5    | Noticed a dread lich
 64118 | Zot:5    | Killed an orb of fire
 64121 | Zot:5    | Noticed an orb of fire
 64125 | Zot:5    | Noticed an orb of fire
 64126 | Zot:5    | Killed an orb of fire
 64135 | Zot:5    | Killed a dread lich
 64141 | Zot:5    | Killed an orb of fire
 64504 | Zot:5    | Got the Orb of Zot
 64709 | D:15     | Noticed Igam the pandemonium lord
 64988 | D:2      | Noticed Pangop the pandemonium lord
 64992 | D:2      | Reached skill level 21 in Armour
 65036 | D:1      | Noticed Seebeadu the pandemonium lord
 65061 | D:$      | Escaped with the Orb!

Illustrated notes

Levels and vault maps discovered:
D:1:      minmay_arrival_doors, layout_rooms, st_stairs_8,
          hangedman_decor_opposing
D:2:      minmay_general_purpose_star, layout_rooms, uniq_terence
D:3:      layout_basic, gammafunk_temple_overflow_claw
D:4:      layout_basic, hellmonk_ghost_happy_afterlife, serial_shops, shop,
          serial_demonic, serial_demonic_b, serial_demonic_d, serial_demonic_b,
          serial_demonic_f
D:5:      layout_loops_ring, serial_shops, nicolae_shop_dealshenge, shop,
          nicolae_shop_just_a_little_nook, shop, shop
D:6:      layout_rooms, mainiacjoe_overflow_six_doors_small,
          nemelex_diamond_rough_becter, gup_sewer_entry_bowl
D:7:      layout_loops_ring, xom_teletrap_fun, temple_doors_e, serial_shops,
          nicolae_shop_statue_plus, shop, nicolae_shop_getting_attention, shop,
          shop_fountains, minmay_crystal_water
D:8:      layout_loops_cross, nicolae_blasting_shop, st_stairs_10,
          hangedman_abyss_or_decor_lesser_grid
D:9:      layout_basic, erik_lair_island, serial_shops, kennysheep_mini_moat,
          minivault_11, uniq_joseph, uniq_pikel
D:10:     layout_grid_maze, kennysheep_vampire_church,
          pdpol_wu_jian_five_deadly_venoms, mainiacjoe_overflow_alcove_2,
          nicolae_trove_entry_path_of_doom, lightli_bailey_entry_fortress,
          serial_shops, nicolae_shop_hallway_stairs, nicolae_shop_trees,
          nicolae_shop_tiny_glass, shop, nicolae_elemental_shop, uniq_maurice,
          uniq_josephine, uniq_psyche, uniq_lodul
D:11:     minmay_the_grid_3x3 [minmay_the_grid_minigrid_medium,
          minmay_the_grid_small_cups, minmay_the_grid_embedded,
          minmay_the_grid_minigrid_large, minmay_the_grid_tree,
          minmay_the_grid_box_x, minmay_the_grid_outer_circle,
          minmay_the_grid_mess, minmay_the_grid_prize_four_corners],
          layout_long_grid
D:12:     layout_basic, david_orc_5, minmay_statue_crystal_thing
D:13:     layout_cave_pools, david_vaults_5
D:14:     layout_cave_pods, amcnicky_mini_rare_corridor_liquid,
          kennysheep_generic_room_8, uniq_nessos
D:15:     grunt_enter_depths_magical_seal, layout_loops_ring,
          serial_co_window_serial, co_window_of_opportunity_a,
          co_window_corner_a, co_window_corner_a, co_window_corner_a,
          co_window_paths_a, co_window_corner_a, co_window_unsneaky_path_d,
          co_window_corner_ca, co_window_broadway_c, co_window_corner_b,
          glass_columns_a, glass_columns_a, glass_columns_a
Lair:1:   layout_gridlike, grunt_megastairs_1, serial_bayou_shore_b,
          serial_bayou_shore_b, uniq_fannar, uniq_sonja
Lair:2:   layout_cave_shapes, cheibrodos_lair_caveside_slide,
          serial_bayou_shore_a, serial_bayou_shore_b, grunt_megastairs_2
Lair:3:   layout_gridlike, nicolae_shoals_entry_roost,
          nicolae_snake_entry_warm_welcome, portal_ice_cave_entry_imps,
          uniq_gastronok
Lair:4:   layout_roguey, slime_entry_1, infiniplex_staircase_pool_2,
          grunt_megastairs_4
Lair:5:   hangedman_lair_tendril_chambers, layout_cellular_growth,
          guppyfry_lair_end_dragon, lemuel_fruit_tree
Shoals:1: gammafunk_sealed_arena, layout_shoals
Shoals:2: layout_shoals, nicolae_shoals_shepherds
Shoals:3: layout_shoals, st_cyclops, uniq_polyphemus, uniq_mlioglotl
Shoals:4: shoals_end_simple, layout_shoals, serial_shops, shop, uniq_louise
Snake:1:  layout_cave_shapes, uniq_donald
Snake:2:  layout_layer_cave
Snake:3:  layout_cave_shapes
Snake:4:  grunt_snake_rune_serpentine_throne, layout_misc_corridors,
          corexii_hall_statues_u, minmay_shoptagon, serial_bayou_shore_b
Orc:1:    layout_caves, serial_shops, shop, shop, nicolae_shop_rolling_square,
          sword_in_stone, uniq_harold, uniq_nergalle
Orc:2:    grunt_orc_gardens, layout_caves, grunt_orc_garden, grunt_orc_garden,
          grunt_orc_garden, grunt_orc_garden, uniq_erolcha
Elf:1:    layout_geoelf_diagonals, minivault_28, grunt_megastairs_3
Elf:2:    nicolae_elf_blades_crystal_corner, layout_onion_city,
          gammafunk_ghost_fury_of_okawaru, nicolae_elf_free_trip_to_the_abyss
Elf:3:    minmay_elf_hall_circle, layout_geoelf_octagon, serial_shops,
          nicolae_shop_mannequins, nicolae_diamond_shop, shop
Vaults:1: ebering_ghost_xom, vaults_dpeg_encased_lava,
          ontoclasm_vaults_ring_large, nicolae_vaults_quartermaster,
          hangedman_vaults_variations, nicolae_vaults_trapezoid_layered,
          nicolae_vaults_more_shelving_1, nicolae_vaults_tangram_2,
          nicolae_vaults_closet_pinwheel_5, nicolae_vaults_tetromino_L_1,
          layout_vaults_omnigrid, serial_shops, nicolae_book_shop_shelving
Vaults:2: ebering_ghost_gozag, v_misc_26, nicolae_vaults_diamond_1,
          minmay_crypt_entry_simple_round, emtedronai_trogs_sanctum,
          vaults_room_grid, ontoclasm_vaults_ring_large,
          nicolae_vaults_trapezoid_lopsided_1, v_misc_23, v_misc_25,
          layout_vaults_chaotic_city
Vaults:3: nicolae_vaults_puzzle_piece, nicolae_vaults_tangram_2,
          v_alt_pattern_2, v_alt_pattern_5, nicolae_vaults_mitosis,
          nicolae_vaults_network_star, nicolae_vaults_crenellated_ambush,
          nicolae_vaults_double_plus_1, nicolae_vaults_trapezoid_lopsided_1,
          nicolae_vaults_specimen_jars, vaults_room_fours,
          nicolae_vaults_tetromino_Z_1, layout_vaults_omnibox
Vaults:4: portal_desolation_entry_salt, st_octagons_1, vaults_mumra_hex,
          nicolae_vaults_sightless_eye, ontoclasm_vaults_twist,
          nicolae_vaults_what_the_h, nicolae_vaults_oval_intersection,
          nicolae_vaults_storage_closets_2, nicolae_vaults_big_ls,
          nicolae_vaults_tangram_1, grunt_vaults_hallway_short,
          nicolae_vaults_mini_display_case, layout_vaults_omnicross,
          uniq_xtahua, uniq_jory
Vaults:5: uniq_bai_suzhen
Depths:1: layout_forbidden_donut, enter_ziggurat_e, minmay_misc_feat_chi,
          pf_hell_entry_great_geh, gammafunk_ghost_necromancy, serial_shops,
          shop, shop, feat_on_display, kennysheep_random_hallway,
          uniq_enchantress
Depths:2: minmay_triangles_in_corner, layout_small_grid, lemuel_tele_altar,
          pan_entry, lightli_too_deep, minmay_staircase_windowed_small,
          minmay_shop_star, grunt_megastairs_5, uniq_grunn
Depths:3: lemuel_troll_bridge, layout_gridlike, nicolae_the_louvre, hell_entry,
          pan_entry, serial_shops, nicolae_shop_tiny_glass,
          abyss_entry_glasseish, minmay_staircase_bubble
Depths:4: grunt_x_marks_the_spot, layout_gridlike, hell_entry,
          grunt_dithmenos_smoke, grunt_ministairs_10
Zot:1:    layout_gridlike, uniq_parghit
Zot:2:    layout_basic, uniq_tiamat, uniq_josephina
Zot:3:    layout_cathedral_of_symmetry
Zot:4:    layout_basic, st_stairs_4
Zot:5:    layout_basic, hangedman_zot_decor_slant

Skill      XL: |  1  2  3  4  5  6  7  8  9 10 11 12 13 14 15 16 17 18 19 20 21 22 23 24 25 26 27 |
---------------+----------------------------------------------------------------------------------+-----
Axes           | 4 5 6 8 9 11 14 16 18 | 18.0
Transmutations | 1 4 5 6 8 9 10 | 10.0
Evocations     | 1 4 5 8 10 11 12 13 14 15 16 18 19 20 | 20.0
Armour         | 3 5 7 8 9 11 13 14 17 21 | 21.0
Fighting       | 5 7 10 11 12 13 14 15 16 17 18 19 20 | 20.0
Throwing       | 5 6 7 9 10 11 14 16 18 | 18.0
Spellcasting   | 1 2 |  2.0
Shields        | 1 4 6 10 11 12 13 14 | 14.0
Stealth        | 2 9 13 | 13.0
Dodging        | 5 6 9 10 | 10.0
Maces & Flails | 2 |  2.2

Action                     |  1- 3 |  4- 6 |  7- 9 | 10-12 | 13-15 | 16-18 | 19-21 | 22-24 | 25-27 || total
---------------------------+-------+-------+-------+-------+-------+-------+-------+-------+-------++-------
  Melee: Hand axe          |    46 |   175 |    38 |       |       |       |       |       |       ||   259
         Unarmed           |     7 |     6 |       |       |       |       |       |       |       ||    13
         Morningstar       |       |     6 |       |       |       |       |       |       |       ||     6
         Whip              |       |       |   305 |   552 |   181 |       |       |       |       ||  1038
         War axe           |       |       |    37 |   276 |   135 |       |       |       |       ||   448
         Constrict         |       |       |       |       |   211 |   224 |   191 |   227 |   141 ||   994
         Broad axe         |       |       |       |       |   570 |   788 |   828 |  1098 |   874 ||  4158
         Demon whip        |       |       |       |       |       |       |       |       |    62 ||    62
  Throw: Dart              |       |       |     3 |    14 |     8 |       |       |       |       ||    25
         Boomerang         |       |       |       |       |    13 |    34 |    22 |    26 |    14 ||   109
         Javelin           |       |       |       |       |       |       |     2 |       |    15 ||    17
   Cast: Wereblood         |       |       |       |     1 |     3 |    39 |    33 |    34 |     4 ||   114
 Invoke: Potion Petition   |       |       |       |       |       |       |     1 |     1 |     4 ||     6
         Bribe Branch      |       |       |       |       |       |       |       |       |     4 ||     4
Ability: Spit Poison       |     7 |    23 |    11 |    16 |     9 |       |       |       |       ||    66
  Evoke: Lightning rod     |       |       |     4 |     6 |       |       |       |       |       ||    10
         Wand              |       |       |       |    17 |     1 |    10 |     7 |     6 |     4 ||    45
         Phial of floods   |       |       |       |     1 |     1 |       |     1 |       |       ||     3
         Tin of tremorston |       |       |       |       |     2 |     1 |     4 |     1 |     2 ||    10
         Phantom mirror    |       |       |       |       |       |     1 |       |     1 |       ||     2
         Box of beasts     |       |       |       |       |       |       |     2 |       |     2 ||     4
    Use: Potion            |     1 |     3 |     4 |       |       |     2 |       |     8 |     2 ||    20
         Scroll            |       |     6 |     3 |     8 |    12 |       |     1 |     2 |     7 ||    39
   Stab: Distracted        |       |       |     1 |     4 |     7 |    10 |    17 |    32 |    13 ||    84
         Petrified         |       |       |       |       |     2 |     3 |       |     4 |       ||     9
         Sleeping          |       |       |       |       |       |       |    16 |     9 |     1 ||    26
         Invisible         |       |       |       |       |       |       |     9 |       |     9 ||    18
         Petrifying        |       |       |       |       |       |       |       |     1 |       ||     1
 Armour: Robe              |     6 |    34 |       |       |    92 |       |       |       |       ||   132
         Skin              |     6 |     2 |       |       |       |       |       |       |       ||     8
         Scale mail        |       |    23 |   122 |    58 |   405 |   636 |   227 |       |       ||  1471
         Leather armour    |       |       |       |   177 |    61 |       |       |       |       ||   238
         Chain mail        |       |       |       |       |       |       |   291 |   869 |   336 ||  1496
         Gold dragon scale |       |       |       |       |       |       |       |       |   473 ||   473
  Dodge: Dodged            |    29 |   113 |   232 |   447 |   571 |   406 |   347 |   412 |   229 ||  2786
  Block: Kite shield       |       |       |       |       |    33 |   765 |   684 |   366 |       ||  1848
         Reflection        |       |       |       |       |       |   123 |    83 |    36 |    95 ||   337
         Buckler           |       |       |       |       |       |       |       |   402 |   687 ||  1089

Table legend: (Time is in decaauts)
 A = Elapsed time spent in this place.
 B = Non-inter-level travel time spent in this place.
 C = Inter-level travel time spent in this place.
 D = Time resting spent in this place.
 E = Time spent auto-exploring this place.
 F = Levels seen in this place.
 G = Mean time per level.
                   A        B        C        D        E       F      G
               +--------+--------+--------+--------+--------+-----+--------+
         Total |  81168 |  72751 |   8417 |   6414 |  48954 |  59 | 1375.7 |
       Dungeon |  24240 |  19993 |   4247 |   2887 |  13221 |  15 | 1616.0 |
          Lair |   7302 |   6253 |   1049 |    198 |   4422 |   5 | 1460.4 |
        Shoals |   4105 |   3887 |    218 |    387 |   2437 |   4 | 1026.2 |
     Snake Pit |   5573 |   5229 |    344 |    438 |   3630 |   4 | 1393.2 |
  Orcish Mines |   1962 |   1697 |    265 |     64 |   1223 |   2 |  981.0 |
   Elven Halls |   3957 |   3761 |    196 |    629 |   2047 |   3 | 1319.0 |
        Vaults |   9934 |   9157 |    777 |    284 |   6506 |   5 | 1986.8 |
        Depths |   7062 |   6098 |    964 |    107 |   4881 |   4 | 1765.5 |
           Zot |  11759 |  11405 |    354 |    861 |   9214 |   5 | 2351.8 |
         Abyss |   2117 |   2117 |      0 |     16 |      0 |   7 |  302.4 |
         Trove |    265 |    265 |      0 |      0 |    116 |   1 |  265.0 |
         Sewer |    756 |    756 |      0 |     82 |    489 |   1 |  756.0 |
        Bailey |    294 |    294 |      0 |     17 |    105 |   1 |  294.0 |
      Ice Cave |    770 |    770 |      0 |    427 |     41 |   1 |  770.0 |
    Desolation |   1067 |   1067 |      0 |     13 |    617 |   1 | 1067.0 |
               +--------+--------+--------+--------+--------+-----+--------+

Top non-repeatable levels by time:
   Zot:1: 3048 daAuts
    D:10: 2891 daAuts
     D:9: 2726 daAuts
Vaults:5: 2657 daAuts
Depths:4: 2489 daAuts
   Zot:2: 2478 daAuts
   Zot:4: 2409 daAuts
    D:15: 2345 daAuts
 Snake:2: 2333 daAuts
Vaults:2: 2241 daAuts
   Zot:5: 1975 daAuts
Vaults:4: 1975 daAuts
    D:12: 1937 daAuts
  Lair:5: 1854 daAuts
   Zot:3: 1847 daAuts
